[Event "WYCC U14 Open 2019"]
[Site "Mumbai"]
[Date "2019.10.06"]
[Round "6.7"]
[White "Chyzy, Jakub"]
[Black "Manish, Kumar"]
[Result "1-0"]
[ECO "C47"]
[WhiteElo "2327"]
[BlackElo "2132"]
[Annotator "ChessBase"]
[PlyCount "67"]
[EventDate "2019.10.02"]
[EventType "swiss"]
[EventCountry "IND"]
[SourceTitle "playchess.com"]
[Source "ChessBase"]
[SourceQuality "1"]
[TimeControl "40/5400+30:1800+30"]

1. e4 e5 2. Nf3 Nc6 3. Nc3 Nf6 4. a3 g6 5. d4 exd4 6. Nxd4 Bg7 7. Nxc6 bxc6 8. Bd3 O-O 9. O-O Re8 10. Bg5 Rb8 11. f4 d6 12. b4 Qd7 13. Qd2 Bb7 14. Rae1 h6 15. Bxf6 Bxf6 16. e5 dxe5 17. Ne4 Bg7 18. fxe5 Rxe5 19. Nc5 Qd6 20. Rxe5 Bxe5 21. Qxh6 Bc8 22. Kh1 Bg7 23. Qh4 Bd7 24. Ne4 Qd4 25. Qe7 Bf5 26. Ng5 Qf6 27. Qxc7 Re8 28. Bc4 Qe7 29. Bxf7+ Kh8 30. Qg3 Bh6 31. Bxe8 Bxg5 32. Bxc6 Bh6 33. Qb8+ Kg7 34. Qb7 1-0

[Event "WYCC U14 Open 2019"]
[Site "Mumbai"]
[Date "2019.10.06"]
[Round "6.8"]
[White "Laux, Dominik"]
[Black "Morgunov, Marc"]
[Result "0-1"]
[ECO "D00"]
[WhiteElo "2015"]
[BlackElo "2280"]
[Annotator "ChessBase"]
[PlyCount "64"]
[EventDate "2019.10.02"]
[EventType "swiss"]
[EventCountry "IND"]
[SourceTitle "playchess.com"]
[Source "ChessBase"]
[SourceQuality "1"]
[TimeControl "40/5400+30:1800+30"]

1. d4 d5 2. Bf4 Nf6 3. e3 c5 4. c3 Nc6 5. Nd2 Bf5 6. Qb3 Qc8 7. Ngf3 c4 8. Qd1 h6 9. h3 e6 10. b4 b5 11. a4 a6 12. Be2 Be7 13. O-O O-O 14. Ra2 Qb7 15. Qa1 bxa4 16. Rxa4 a5 17. bxa5 Ra6 18. Ne5 Rfa8 19. Nxc6 Qxc6 20. f3 Bd8 21. e4 Rxa5 22. Rxa5 Rxa5 23. Qb1 Ra8 24. Qa1 Ra5 25. Qb1 dxe4 26. fxe4 Nxe4 27. Nxc4 Nxc3 28. Nxa5 Nxe2+ 29. Kf2 Bxa5 30. Qb8+ Kh7 31. Kxe2 Qc2+ 32. Kf3 Be4+ {[%emt 0:00:28] Kf2 Bf5+ Kf3 Be4+ Kf2 Bf5+ Kf3 Be4+} 0-1

[Event "WYCC U14 Open 2019"]
[Site "Mumbai"]
[Date "2019.10.06"]
[Round "6.9"]
[White "Flores Quillas, Diego Saul Rodri"]
[Black "Madaminov, Mukhiddin"]
[Result "*"]
[ECO "C12"]
[WhiteElo "2164"]
[BlackElo "2045"]
[Annotator "ChessBase"]
[PlyCount "66"]
[EventDate "2019.10.02"]
[EventType "swiss"]
[EventCountry "IND"]
[SourceTitle "playchess.com"]
[Source "ChessBase"]
[SourceQuality "1"]
[TimeControl "40/5400+30:1800+30"]

1. e4 e6 2. d4 d5 3. Nc3 Nf6 4. Bg5 Bb4 5. e5 h6 6. Bd2 Bxc3 7. bxc3 Ne4 8. Qg4 g6 9. Bd3 Nxd2 10. Kxd2 c5 11. Nf3 Qe7 12. Qf4 Bd7 13. a4 Bc6 14. h4 Nd7 15. Rhb1 c4 16. Be2 O-O-O 17. a5 Rdf8 18. Rf1 f5 19. exf6 Nxf6 20. Kc1 Nd7 21. Qe3 Qf6 22. g3 a6 23. Kb2 Re8 24. Rfe1 Qg7 25. Bf1 Rhf8 26. Bg2 Nb8 27. Bf1 Nd7 28. Bg2 Rf7 29. Bf1 Rff8 30. Bg2 Rf7 31. Bf1 Rff8 32. Bg2 Rf7 33. Re2 Qf8 *

[Event "WYCC U14 Open 2019"]
[Site "Mumbai"]
[Date "2019.10.06"]
[Round "6.9"]
[White "Flores Quillas, Diego Saul Rodri"]
[Black "Madaminov, Mukhiddin"]
[Result "1/2-1/2"]
[ECO "C12"]
[WhiteElo "2164"]
[BlackElo "2045"]
[Annotator "ChessBase"]
[PlyCount "118"]
[EventDate "2019.10.02"]
[EventType "swiss"]
[EventCountry "IND"]
[SourceTitle "playchess.com"]
[Source "ChessBase"]
[SourceQuality "1"]
[TimeControl "40/5400+30:1800+30"]

1. e4 e6 2. d4 d5 3. Nc3 Nf6 4. Bg5 Bb4 5. e5 h6 6. Bd2 Bxc3 7. bxc3 Ne4 8. Qg4 g6 9. Bd3 Nxd2 10. Kxd2 c5 11. Nf3 Qe7 12. Qf4 Bd7 13. a4 Bc6 14. h4 Nd7 15. Rhb1 c4 16. Be2 O-O-O 17. a5 Rdf8 18. Rf1 f5 19. exf6 Nxf6 20. Kc1 Nd7 21. Qe3 Qf6 22. g3 a6 23. Kb2 Re8 24. Rfe1 Qg7 25. Bf1 Rhf8 26. Bg2 Rf7 27. Re2 Qf8 28. Ne5 Nxe5 29. Qxe5 Rf5 30. Qe3 e5 31. Bh3 exd4 32. Qf3 dxc3+ 33. Kc1 d4 34. Rxe8+ Qxe8 35. Bxf5+ gxf5 36. Qxf5+ Qd7 37. Qf8+ Qe8 38. Qf5+ Qd7 39. Qf8+ Kc7 40. Qxh6 Qd5 41. Qf4+ Kc8 42. Qf8+ Kd7 43. Qg7+ Kd6 44. f3 Qe5 45. Qxe5+ Kxe5 46. h5 Bxf3 47. h6 Kf6 48. Ra4 Be2 49. g4 d3 50. cxd3 cxd3 51. Rd4 Kg6 52. g5 Kh7 53. Rd7+ Kg6 54. h7 d2+ 55. Kb1 d1=Q+ 56. Rxd1 c2+ 57. Kxc2 Bxd1+ 58. Kxd1 Kxh7 59. Kd2 Kg6 1/2-1/2

[Event "WYCC U14 Open 2019"]
[Site "Mumbai"]
[Date "2019.10.06"]
[Round "6.10"]
[White "Nikhil Magizhnan"]
[Black "Vo, Pham Thien Phuc"]
[Result "0-1"]
[ECO "B76"]
[WhiteElo "2160"]
[BlackElo "1807"]
[Annotator "ChessBase"]
[PlyCount "92"]
[EventDate "2019.10.02"]
[EventType "swiss"]
[EventCountry "IND"]
[SourceTitle "playchess.com"]
[Source "ChessBase"]
[SourceQuality "1"]
[TimeControl "40/5400+30:1800+30"]

1. e4 c5 2. Nf3 d6 3. d4 cxd4 4. Nxd4 Nf6 5. Nc3 g6 6. Be3 Bg7 7. f3 Nc6 8. Qd2 O-O 9. O-O-O Nxd4 10. Bxd4 Be6 11. Kb1 Qc7 12. g4 Rfc8 13. h4 Qa5 14. a3 h5 15. g5 Ne8 16. Be2 Bc4 17. Bxc4 Rxc4 18. Bxg7 Kxg7 19. f4 Rac8 20. Rh3 Nc7 21. Re3 Ne6 22. Qf2 Nd4 23. f5 gxf5 24. Rxd4 Rxd4 25. exf5 Kf8 26. f6 e6 27. Rxe6 Qb6 28. Re3 Qc5 29. Qe1 Rg4 30. Qf2 Re8 31. Rxe8+ Kxe8 32. Qe2+ Qe5 33. Qf2 b6 34. Qf3 d5 35. Nxd5 Qe4 36. Qb3 Qc4 37. Qe3+ Re4 38. Qd2 Qd4 39. Qxd4 Rxd4 40. c4 Rxc4 41. Ne3 Rxh4 42. Ka2 Rg4 43. Nxg4 hxg4 44. Kb3 g3 45. g6 fxg6 46. f7+ Kxf7 0-1

[Event "WYCC U14 Open 2019"]
[Site "Mumbai"]
[Date "2019.10.06"]
[Round "6.11"]
[White "Luczak, Filip"]
[Black "Dhrupad Kashyap"]
[Result "1-0"]
[ECO "A61"]
[WhiteElo "2136"]
[BlackElo "2000"]
[Annotator "ChessBase"]
[PlyCount "123"]
[EventDate "2019.10.02"]
[EventType "swiss"]
[EventCountry "IND"]
[SourceTitle "playchess.com"]
[Source "ChessBase"]
[SourceQuality "1"]
[TimeControl "40/5400+30:1800+30"]

1. d4 Nf6 2. c4 c5 3. d5 e6 4. Nc3 exd5 5. cxd5 d6 6. Nf3 g6 7. Bf4 a6 8. a4 Bg7 9. h3 O-O 10. e3 Qe7 11. Be2 Nbd7 12. Nd2 Ne8 13. Nc4 b6 14. Ra3 g5 15. Bh2 f5 16. O-O Rb8 17. Rb3 f4 18. exf4 gxf4 19. Bg4 Ne5 20. Nxe5 Bxe5 21. Bxc8 Rxc8 22. Qg4+ Ng7 23. Rxb6 Rb8 24. Rxb8 Rxb8 25. Bxf4 Bd4 26. Bh2 Be5 27. Bf4 Bd4 28. Qe2 Be5 29. Qg4 Bd4 30. Qe2 Qf6 31. Qg4 Qe7 32. Qe2 Qf6 33. Be3 Nf5 34. Bxd4 Nxd4 35. Qg4+ Qg6 36. Qxg6+ hxg6 37. Ne4 Rxb2 38. Nxd6 Ne2+ 39. Kh2 Nc3 40. Kg1 Ne2+ 41. Kh2 Nc3 42. Rc1 Nxa4 43. Ne4 Rb6 44. Nxc5 Nxc5 45. Rxc5 Kf7 46. Kg3 Ke7 47. Kf4 Rb2 48. Ke3 Ra2 49. Rc6 Kf7 50. g3 a5 51. Ra6 a4 52. h4 a3 53. Kf3 Ra1 54. Kg4 a2 55. f3 Ke7 56. Kf4 Kd7 57. g4 Ke7 58. Kg5 Kf7 59. Ra7+ Kf8 60. Kf6 Ke8 61. Kxg6 Rd1 62. Rxa2 1-0

[Event "WYCC U14 Open 2019"]
[Site "Mumbai"]
[Date "2019.10.06"]
[Round "6.12"]
[White "Jain Kashish Manoj"]
[Black "Colbow, Collin"]
[Result "0-1"]
[ECO "A05"]
[WhiteElo "1930"]
[BlackElo "2148"]
[Annotator "ChessBase"]
[PlyCount "96"]
[EventDate "2019.10.02"]
[EventType "swiss"]
[EventCountry "IND"]
[SourceTitle "playchess.com"]
[Source "ChessBase"]
[SourceQuality "1"]
[TimeControl "40/5400+30:1800+30"]

1. Nf3 Nf6 2. g3 b5 3. Bg2 Bb7 4. O-O e6 5. d3 Be7 6. e4 d6 7. a4 b4 8. Nbd2 c5 9. Ne1 Qc7 10. f4 Nc6 11. Nef3 O-O 12. b3 Ng4 13. Qe1 Bf6 14. Ra2 Bc3 15. h3 Nf6 16. g4 d5 17. e5 Nd7 18. Qg3 f6 19. exf6 Nxf6 20. Nb1 Rae8 21. Nxc3 bxc3 22. Ba3 Qb6 23. Ne5 Nxe5 24. fxe5 Nd7 25. Raa1 d4 26. Rxf8+ Rxf8 27. Re1 a5 28. Bxb7 Qxb7 29. Qg2 Qc7 30. Qe4 Nb6 31. Rf1 Rxf1+ 32. Kxf1 Nd5 33. Bc1 Nb6 34. Ba3 Nd5 35. Bc1 Qe7 36. Ke2 Qh4 37. Qf3 h6 38. Kd1 Ne7 39. Qa8+ Kh7 40. Qf3 Ng6 41. Bf4 Nxf4 42. Qxf4 Qxh3 43. Qe4+ Kg8 44. Ke1 Kf7 45. Kf2 Qh2+ 46. Kf3 Qh1+ 47. Ke2 Qxe4+ 48. dxe4 g6 0-1

[Event "WYCC U14 Open 2019"]
[Site "Mumbai"]
[Date "2019.10.06"]
[Round "6.13"]
[White "Murzin, Volodar"]
[Black "Fardet, Elouan"]
[Result "1-0"]
[ECO "A48"]
[WhiteElo "2433"]
[BlackElo "2010"]
[Annotator "ChessBase"]
[PlyCount "79"]
[EventDate "2019.10.02"]
[EventType "swiss"]
[EventCountry "IND"]
[SourceTitle "playchess.com"]
[Source "ChessBase"]
[SourceQuality "1"]
[TimeControl "40/5400+30:1800+30"]

1. d4 Nf6 2. Nf3 g6 3. Bg5 Bg7 4. c3 O-O 5. Nbd2 d5 6. e3 b6 7. Be2 Bb7 8. O-O c5 9. a4 Nc6 10. Re1 h6 11. Bh4 g5 12. Bg3 Nh5 13. Bd3 Nxg3 14. hxg3 e5 15. dxe5 Nxe5 16. Nxe5 Bxe5 17. Qf3 Qd7 18. Bf5 Qe7 19. Qg4 Bg7 20. e4 dxe4 21. Bxe4 Bxe4 22. Rxe4 Qd8 23. Qe2 Re8 24. a5 Qd7 25. Re1 Kf8 26. axb6 axb6 27. Rxe8+ Rxe8 28. Qxe8+ Qxe8 29. Rxe8+ Kxe8 30. Nc4 Kd7 31. Nxb6+ Kc6 32. Nc4 Kd5 33. Nd2 g4 34. Kf1 h5 35. Ke2 c4 36. Nf1 Bh6 37. Ne3+ Kc5 38. f3 Kb5 39. f4 Bf8 40. Nd5 1-0

[Event "WYCC U14 Open 2019"]
[Site "Mumbai"]
[Date "2019.10.06"]
[Round "6.14"]
[White "Wu, Logan"]
[Black "Arhan Chethan Anand"]
[Result "1-0"]
[ECO "C95"]
[WhiteElo "1994"]
[BlackElo "2167"]
[Annotator "ChessBase"]
[PlyCount "63"]
[EventDate "2019.10.02"]
[EventType "swiss"]
[EventCountry "IND"]
[SourceTitle "playchess.com"]
[Source "ChessBase"]
[SourceQuality "1"]
[TimeControl "40/5400+30:1800+30"]

1. e4 e5 2. Nf3 Nc6 3. Bb5 a6 4. Ba4 Nf6 5. O-O Be7 6. Re1 b5 7. Bb3 d6 8. c3 O-O 9. h3 Nb8 10. d4 Nbd7 11. Nbd2 Bb7 12. Bc2 Re8 13. Nf1 Bf8 14. Ng3 g6 15. a4 c5 16. d5 c4 17. Bg5 h6 18. Be3 Qc7 19. Qd2 Kh7 20. Nh2 Nc5 21. Rf1 bxa4 22. f4 Bg7 23. fxe5 dxe5 24. Rf3 Nb3 25. Bxb3 axb3 26. Raf1 Qd6 27. Rxf6 Bxf6 28. Ng4 Bg7 29. Bxh6 Qf8 30. Bxg7 Qxg7 31. Nf6+ Kh8 32. Qg5 1-0

[Event "WYCC U14 Open 2019"]
[Site "Mumbai"]
[Date "2019.10.06"]
[Round "6.15"]
[White "Pham, Khoi"]
[Black "Kondakov, Adrian"]
[Result "1-0"]
[ECO "E71"]
[WhiteElo "2121"]
[BlackElo "1991"]
[Annotator "ChessBase"]
[PlyCount "139"]
[EventDate "2019.10.02"]
[EventType "swiss"]
[EventCountry "IND"]
[SourceTitle "playchess.com"]
[Source "ChessBase"]
[SourceQuality "1"]
[TimeControl "40/5400+30:1800+30"]

1. d4 Nf6 2. c4 g6 3. Nc3 Bg7 4. e4 d6 5. h3 O-O 6. Be3 e5 7. d5 Nh5 8. g3 a5 9. Be2 Nf6 10. g4 Na6 11. Bd3 Nd7 12. Nge2 Ndc5 13. Bc2 f5 14. gxf5 gxf5 15. exf5 Qh4 16. Ng3 Qxc4 17. f6 Rxf6 18. Nh5 Rg6 19. Ng3 Rf6 20. Nh5 Rg6 21. Bxg6 hxg6 22. Nxg7 Kxg7 23. Qe2 Nd3+ 24. Kf1 Nxb2 25. Qxc4 Nxc4 26. Rc1 Bf5 27. h4 Rf8 28. Bg5 Nc5 29. Ne2 Na6 30. Nc3 Nc5 31. Ne2 Bd3 32. Rh3 b5 33. a4 Bf5 34. Rhc3 Nxa4 35. Rb3 Nab6 36. Rxb5 Bd3 37. Rb3 Rf3 38. Kg2 e4 39. Nd4 Rf7 40. Ne6+ Kg8 41. Nf4 a4 42. Rbc3 Rxf4 43. Bxf4 Nxd5 44. Rxc4 Nxf4+ 45. Kh2 Bxc4 46. Rxc4 d5 47. Rxc7 Nd3 48. Kg3 a3 49. Ra7 Nc1 50. Rxa3 Ne2+ 51. Kg2 d4 52. Kf1 Nc3 53. Ra7 Kf8 54. Ke1 d3 55. Kd2 Nd5 56. Ra4 Nf6 57. f3 exf3 58. Kxd3 Kg7 59. Ke3 Kh6 60. Kxf3 g5 61. Ra6 Kg6 62. h5+ Kg7 63. h6+ Kf7 64. Ke3 Ng4+ 65. Ke4 Nf2+ 66. Kf5 Nh3 67. Ra7+ Kg8 68. h7+ Kh8 69. Kg6 Nf4+ 70. Kh6 1-0

[Event "WYCC U14 Open 2019"]
[Site "Mumbai"]
[Date "2019.10.06"]
[Round "6.16"]
[White "Ayush Sharma"]
[Black "Bochnicka, Vladimir"]
[Result "1-0"]
[ECO "C41"]
[WhiteElo "1939"]
[BlackElo "2087"]
[Annotator "NA"]
[PlyCount "83"]
[EventDate "2019.10.02"]
[EventType "swiss"]
[EventCountry "IND"]
[SourceTitle "playchess.com"]
[Source "ChessBase"]
[SourceQuality "1"]
[TimeControl "40/5400+30:1800+30"]

1. e4 e5 2. Nf3 d6 3. d4 exd4 4. Nxd4 Nf6 5. Nc3 Be7 6. Bc4 O-O 7. O-O Re8 8. Re1 c6 9. Bg5 h6 10. Bh4 Qc7 11. a4 a5 12. f4 d5 13. exd5 Rd8 14. Bb3 cxd5 15. Bxf6 Bxf6 16. Nxd5 $18 Rxd5 17. Bxd5 Qc5 18. Re8+ Kh7 19. Be4+ g6 20. c3 Bd7 21. Bxb7 Ra7 22. Rxb8 Qc7 23. Rf8 Kg7 24. Rxf7+ Kxf7 25. Bd5+ Kg7 26. Qd2 Ra6 27. Kh1 Rd6 28. Nb5 Bxb5 29. axb5 Qc4 30. Bxc4 Rxd2 31. Rb1 a4 32. g3 Kf8 33. Bf1 Ke7 34. Bg2 Kd8 35. b6 Rd6 36. b7 Rb6 37. h3 Kc7 38. Ra1 Rxb2 39. Rxa4 g5 40. Rc4+ Kb8 41. Rc8+ Ka7 42. Ra8+ 1-0

[Event "WYCC U14 Open 2019"]
[Site "Mumbai"]
[Date "2019.10.07"]
[Round "7.2"]
[White "Pranav Anand"]
[Black "Srihari L R"]
[Result "0-1"]
[ECO "D08"]
[WhiteElo "2351"]
[BlackElo "2283"]
[Annotator "ChessBase"]
[PlyCount "80"]
[EventDate "2019.10.02"]
[EventType "swiss"]
[EventCountry "IND"]
[SourceTitle "playchess.com"]
[Source "ChessBase"]
[SourceQuality "1"]
[TimeControl "40/5400+30:1800+30"]

1. d4 d5 2. c4 e5 3. dxe5 d4 4. Nf3 Nc6 5. a3 Nge7 6. Nbd2 Be6 7. Nb3 Nf5 8. Qd3 a5 9. g4 Nh4 10. Nfxd4 a4 11. Nxe6 fxe6 12. Qxd8+ Rxd8 13. Bg5 Be7 14. Bxe7 Kxe7 15. Nd2 Nxe5 16. h3 Rhf8 17. Rd1 Rd4 18. Rg1 Rfd8 19. Rg3 Nxc4 20. Rd3 Rxd3 21. exd3 Nxb2 22. Rc1 Nxd3+ 23. Bxd3 Rxd3 24. Rxc7+ Kf6 25. Rxb7 Rxa3 26. Ne4+ Ke5 27. Ng3 Nf3+ 28. Kf1 Ra1+ 29. Ke2 Nd4+ 30. Kd3 a3 31. Ra7 a2 32. Ra5+ Kf4 33. Ne2+ Nxe2 34. Kxe2 e5 35. Ra7 g6 36. Rf7+ Kg5 37. Ra7 e4 38. Ra4 h6 39. Ra5+ Kh4 40. Ra3 e3 0-1

[Event "WYCC U14 Open 2019"]
[Site "Mumbai"]
[Date "2019.10.07"]
[Round "7.4"]
[White "Morgunov, Marc"]
[Black "Samant Aditya S"]
[Result "1-0"]
[ECO "B51"]
[WhiteElo "2280"]
[BlackElo "2334"]
[Annotator "ChessBase"]
[PlyCount "87"]
[EventDate "2019.10.02"]
[EventType "swiss"]
[EventCountry "IND"]
[SourceTitle "playchess.com"]
[Source "ChessBase"]
[SourceQuality "1"]
[TimeControl "40/5400+30:1800+30"]

1. e4 c5 2. Nf3 d6 3. Bb5+ Nd7 4. O-O a6 5. Bd3 Ngf6 6. Re1 b5 7. c3 Bb7 8. Bc2 Qc7 9. a4 b4 10. d3 a5 11. Nbd2 g6 12. Bb3 Bg7 13. d4 e6 14. d5 e5 15. Bc4 O-O 16. Bd3 Nb6 17. c4 Nc8 18. b3 Ne7 19. Ra2 h6 20. Nf1 Bc8 21. h3 Bd7 22. N3h2 Rae8 23. Ng3 Bc8 24. Bb1 Kh8 25. h4 h5 26. Bd3 Ng4 27. Nxg4 Bxg4 28. f3 Bc8 29. f4 Bg4 30. Be2 Bxe2 31. Raxe2 f5 32. exf5 Nxf5 33. Nxf5 Rxf5 34. fxe5 Rfxe5 35. Bf4 Rxe2 36. Rxe2 Re7 37. Qe1 Bd4+ 38. Kh2 Rxe2 39. Qxe2 Qd8 40. g3 Qd7 41. Qe6 Qg7 42. Qxd6 Qf7 43. Qd8+ Kh7 44. Qc7 1-0

[Event "WYCC U14 Open 2019"]
[Site "Mumbai"]
[Date "2019.10.07"]
[Round "7.5"]
[White "Luczak, Filip"]
[Black "Chyzy, Jakub"]
[Result "1/2-1/2"]
[ECO "A05"]
[WhiteElo "2136"]
[BlackElo "2327"]
[Annotator "ChessBase"]
[PlyCount "91"]
[EventDate "2019.10.02"]
[EventType "swiss"]
[EventCountry "IND"]
[SourceTitle "playchess.com"]
[Source "ChessBase"]
[SourceQuality "1"]
[TimeControl "40/5400+30:1800+30"]

1. Nf3 Nf6 2. g3 d5 3. Bg2 Bf5 4. O-O e6 5. d3 Be7 6. Nbd2 O-O 7. Qe1 h6 8. e4 Bh7 9. Qe2 c5 10. Ne5 Qc7 11. Ng4 Nxg4 12. Qxg4 dxe4 13. dxe4 Nc6 14. c3 Ne5 15. Qe2 c4 16. Nf3 Nd3 17. Nd4 e5 18. Nf5 Bxf5 19. exf5 Rad8 20. Be3 Rd7 21. Qg4 Kh8 22. f6 Bxf6 23. Bxa7 g6 24. Bb6 Qc8 25. Bh3 Qc6 26. Qxd7 Qxb6 27. Bg2 Qxb2 28. Qxb7 Qxc3 29. a4 Nxf2 30. Rac1 Qd2 31. Rxc4 Bg5 32. Qb4 Qxb4 33. Rxb4 Nd3 34. Re4 f5 35. Re2 Rc8 36. Bb7 Rc5 37. h4 Nc1 38. Ree1 Bd2 39. Rd1 Be3+ 40. Kh1 Ne2 41. Rf3 f4 42. Re1 Nd4 43. Rfxe3 fxe3 44. Rxe3 Rc1+ 45. Kg2 Ra1 46. Rxe5 1/2-1/2

[Event "WYCC U14 Open 2019"]
[Site "Mumbai"]
[Date "2019.10.07"]
[Round "7.6"]
[White "Vo, Pham Thien Phuc"]
[Black "Pranav Vijay"]
[Result "1-0"]
[ECO "A40"]
[WhiteElo "1807"]
[BlackElo "2265"]
[Annotator "ChessBase"]
[PlyCount "123"]
[EventDate "2019.10.02"]
[EventType "swiss"]
[EventCountry "IND"]
[SourceTitle "playchess.com"]
[Source "ChessBase"]
[SourceQuality "1"]
[TimeControl "40/5400+30:1800+30"]

1. d4 Nf6 2. c4 e6 3. g3 Bb4+ 4. Bd2 a5 5. Bg2 O-O 6. Nf3 d6 7. O-O Bxd2 8. Qxd2 Nbd7 9. Nc3 Re8 10. e4 e5 11. d5 Nc5 12. Ne1 c6 13. Nd3 Nxd3 14. Qxd3 cxd5 15. Nxd5 Nxd5 16. cxd5 Bd7 17. Rfc1 b5 18. Rc2 Qb6 19. Rac1 Ra7 20. Qe3 Qb8 21. h4 h6 22. Kh2 Rb7 23. Bh3 Qd8 24. Bxd7 Qxd7 25. Rc6 Rd8 26. Qf3 Qe7 27. Kg2 g6 28. Qg4 Kg7 29. h5 a4 30. Rh1 Qf6 31. Rhc1 Qe7 32. R1c3 b4 33. R3c4 Rf8 34. Ra6 a3 35. bxa3 bxa3 36. Rxa3 Rb2 37. Rac3 Rb7 38. a4 Ra8 39. Ra3 Rba7 40. hxg6 fxg6 41. Rc8 h5 42. Qh3 Rxc8 43. Qxc8 Rc7 44. Qa6 Ra7 45. Qb6 Rb7 46. Qe3 Ra7 47. a5 Ra6 48. Qc3 Qa7 49. Qc8 Rxa5 50. Rxa5 Qxa5 51. Qd7+ Kh6 52. Qxd6 Qc3 53. Qf8+ Kh7 54. d6 Qd4 55. Qf7+ Kh8 56. Qd5 Qb6 57. d7 Qd8 58. Qf7 h4 59. Qe8+ Kh7 60. Qxd8 Kg7 61. Qe7+ Kg8 62. d8=Q# 1-0

[Event "WYCC U14 Open 2019"]
[Site "Mumbai"]
[Date "2019.10.07"]
[Round "7.8"]
[White "Wu, Logan"]
[Black "Aaryan Varshney"]
[Result "1-0"]
[ECO "B90"]
[WhiteElo "1994"]
[BlackElo "2239"]
[Annotator "ChessBase"]
[PlyCount "113"]
[EventDate "2019.10.02"]
[EventType "swiss"]
[EventCountry "IND"]
[SourceTitle "playchess.com"]
[Source "ChessBase"]
[SourceQuality "1"]
[TimeControl "40/5400+30:1800+30"]

1. e4 c5 2. Nf3 d6 3. d4 cxd4 4. Nxd4 Nf6 5. Nc3 a6 6. f3 e5 7. Nb3 Be6 8. Be3 Be7 9. Qd2 O-O 10. O-O-O Nbd7 11. g4 b5 12. Rg1 b4 13. Nd5 Bxd5 14. exd5 Nb6 15. Na5 Nfxd5 16. Nc6 Qc7 17. Nxe7+ Qxe7 18. Bxb6 Nxb6 19. Qxd6 Qg5+ 20. Qd2 Qxd2+ 21. Rxd2 Rfd8 22. Rxd8+ Rxd8 23. Bxa6 Ra8 24. Rd1 Kf8 25. Bb5 Ra5 26. Be2 Ke7 27. Kb1 Nd5 28. Bd3 Nf4 29. Bc4 Rc5 30. b3 h5 31. gxh5 Nxh5 32. Kb2 f5 33. c3 bxc3+ 34. Kxc3 Nf4 35. a4 Rc7 36. Kb4 Rb7+ 37. Kc5 Ne6+ 38. Bxe6 Kxe6 39. b4 Rc7+ 40. Kb6 Rc4 41. Rb1 Rc3 42. a5 Rxf3 43. a6 Ra3 44. a7 f4 45. Kb7 e4 46. a8=Q Rxa8 47. Kxa8 f3 48. b5 e3 49. b6 f2 50. b7 e2 51. b8=Q f1=Q 52. Qb6+ Ke7 53. Qb7+ Kf8 54. Qb4+ Kg8 55. Qc4+ Kh7 56. Rxf1 exf1=Q 57. Qxf1 1-0

[Event "WYCC U14 Open 2019"]
[Site "Mumbai"]
[Date "2019.10.07"]
[Round "7.9"]
[White "Amanzhol, Sultan"]
[Black "Flores Quillas, Diego Saul Rodri"]
[Result "0-1"]
[ECO "A60"]
[WhiteElo "2032"]
[BlackElo "2164"]
[Annotator "ChessBase"]
[PlyCount "112"]
[EventDate "2019.10.02"]
[EventType "swiss"]
[EventCountry "IND"]
[SourceTitle "playchess.com"]
[Source "ChessBase"]
[SourceQuality "1"]
[TimeControl "40/5400+30:1800+30"]

1. d4 Nf6 2. c4 c5 3. d5 e6 4. Nf3 exd5 5. cxd5 d6 6. e4 g6 7. h3 Bg7 8. Bd3 O-O 9. O-O Re8 10. Nbd2 Na6 11. Re1 Nc7 12. a4 b6 13. Nc4 Ba6 14. Qc2 Bxc4 15. Bxc4 Nd7 16. Bg5 Bf6 17. Bf4 Qe7 18. Bb5 Nxb5 19. axb5 Ne5 20. Nd2 Qd7 21. Bxe5 Bxe5 22. Qb3 Re7 23. Ra4 Rae8 24. Rea1 Bf4 25. Nf1 Rxe4 26. Rxa7 Qf5 27. Rb7 R8e7 28. Rxb6 Re2 29. Qf3 Qe5 30. Rb8+ Kg7 31. b6 Rxb2 32. Ra4 Rb1 33. Qd3 Rb2 34. g3 Bd2 35. Kg2 Be1 36. Rf4 Re2 37. Ra8 Qb2 38. Ra7 Rxf2+ 39. Kh1 Rfe2 40. b7 R2e5 41. Qa6 Re2 42. b8=Q Qxb8 43. Qa1+ R7e5 44. Rfxf7+ Kh6 45. Rxh7+ Kg5 46. Ra4 Bb4 47. Qc1+ Bd2 48. Nxd2 Re1+ 49. Kg2 Rxc1 50. Rf4 Re2+ 51. Kf3 Rc3+ 52. Kxe2 Rxg3 53. Rhh4 Qb2 54. Rhg4+ Rxg4 55. Rxg4+ Kh6 56. Re4 Qb7 0-1

[Event "WYCC U14 Open 2019"]
[Site "Mumbai"]
[Date "2019.10.07"]
[Round "7.10"]
[White "Kolay, Alex"]
[Black "Sun, Jiajun B"]
[Result "1-0"]
[ECO "D52"]
[WhiteElo "2164"]
[BlackElo "1977"]
[Annotator "ChessBase"]
[PlyCount "80"]
[EventDate "2019.10.02"]
[EventType "swiss"]
[EventCountry "IND"]
[SourceTitle "playchess.com"]
[Source "ChessBase"]
[SourceQuality "1"]
[TimeControl "40/5400+30:1800+30"]

1. d4 Nf6 2. c4 e6 3. Nf3 d5 4. Nc3 c6 5. Bg5 Nbd7 6. e3 Be7 7. Qc2 O-O 8. Rd1 h6 9. Bh4 b6 10. Bd3 Bb7 11. O-O Re8 12. Qe2 dxc4 13. Bxc4 b5 14. Bd3 b4 15. Ne4 Nxe4 16. Bxe7 Qxe7 17. Bxe4 Nf6 18. Bb1 c5 19. dxc5 Qxc5 20. Rc1 Qb6 21. Rfd1 Rad8 22. h3 Ba8 23. Bd3 Qa5 24. Bb5 Rxd1+ 25. Rxd1 Rc8 26. Ba6 Rc5 27. Bc4 Bd5 28. Bxd5 Rxd5 29. Rxd5 Qxd5 30. Qa6 Qc5 31. Qb7 Qc1+ 32. Kh2 Qxb2 33. Qxa7 Qxf2 34. Qb8+ Kh7 35. Qxb4 Qxa2 36. Qb7 Qe2 37. Qb1+ Kh8 38. Qb8+ Kh7 39. Qb1+ Kh8 40. Qb8+ Kh7 1-0

[Event "WYCC U14 Open 2019"]
[Site "Mumbai"]
[Date "2019.10.07"]
[Round "7.12"]
[White "Shah Jeet"]
[Black "Pham, Khoi"]
[Result "1-0"]
[ECO "B87"]
[WhiteElo "1844"]
[BlackElo "2121"]
[Annotator "ChessBase"]
[PlyCount "73"]
[EventDate "2019.10.02"]
[EventType "swiss"]
[EventCountry "IND"]
[SourceTitle "playchess.com"]
[Source "ChessBase"]
[SourceQuality "1"]
[TimeControl "40/5400+30:1800+30"]

1. e4 c5 2. Nf3 d6 3. d4 cxd4 4. Nxd4 Nf6 5. Nc3 a6 6. Bc4 e6 7. Bb3 b5 8. Bg5 Be7 9. Qf3 Qc7 10. e5 Bb7 11. exd6 Bxd6 12. Qe3 Nbd7 13. O-O-O Be7 14. Bxe6 fxe6 15. Nxe6 Qe5 16. Qh3 Nc5 17. Rhe1 Nfe4 18. Nxe4 Bxe4 19. Bxe7 Nxe6 20. Qh4 g5 21. Qxe4 Qxe4 22. Rxe4 Kxe7 23. Rde1 Ra7 24. Rxe6+ Kf7 25. R6e5 h6 26. Rd5 Rc8 27. Rd6 Kg7 28. Red1 Rcc7 29. R1d3 Rf7 30. f3 Rfe7 31. Kd2 a5 32. Re3 Rec7 33. Ree6 Rc5 34. Rg6+ Kf7 35. Rxh6 Ra8 36. Rh7+ Kg8 37. Rhd7 1-0

[Event "WYCC U14 Open 2019"]
[Site "Mumbai"]
[Date "2019.10.07"]
[Round "7.13"]
[White "Borhy, Marcell"]
[Black "Dhrupad Kashyap"]
[Result "0-1"]
[ECO "A01"]
[WhiteElo "2321"]
[BlackElo "2000"]
[Annotator "ChessBase"]
[PlyCount "62"]
[EventDate "2019.10.02"]
[EventType "swiss"]
[EventCountry "IND"]
[SourceTitle "playchess.com"]
[Source "ChessBase"]
[SourceQuality "1"]
[TimeControl "40/5400+30:1800+30"]

1. b3 e5 2. Bb2 Nc6 3. e3 Nf6 4. c4 d5 5. cxd5 Nxd5 6. a3 Bd6 7. Qc2 Qe7 8. d3 Bd7 9. Ne2 f5 10. Nd2 f4 11. e4 Nf6 12. Nc4 O-O 13. f3 b5 14. Nxd6 cxd6 15. g3 Rac8 16. Qd2 Nh5 17. Bg2 Qf7 18. b4 fxg3 19. hxg3 Qg6 20. Rg1 d5 21. exd5 Nd4 22. Bxd4 exd4 23. Kf2 Rce8 24. Bh1 Re3 25. Rad1 Rfe8 26. Nxd4 Qb6 27. Qc3 Re2+ 28. Kf1 Bh3+ 29. Rg2 Bxg2+ 30. Bxg2 Nxg3+ 31. Kg1 Nf5 0-1